 Dungeon Crawl Stone Soup version 0.17-a0-18-gc25b939 (console) character file.

124 MrRokkomies the Slasher (level 4, 0/29 HPs)
             Began as a High Elf Warper on Mar 7, 2015.
             Killed from afar by a kobold (8 damage)
             ... with a wand of magic darts
             ... on level 3 of the Dungeon.
             The game lasted 00:07:03 (2461 turns).

MrRokkomies the Slasher (High Elf Warper)           Turns: 2461, Time: 00:07:03

Health: 0/29       AC:  4    Str: 10    XL:     4   Next: 81%
Magic:  9/11       EV: 13    Int: 18    God:
Gold:   112        SH:  0    Dex: 14    Spells: 3 memorised, 2 levels left

rFire  . . .     SeeInvis .     a - +0 falchion
rCold  . . .     Clarity  .     o - +0 leather armour (curse)
rNeg   . . .     SustAb   .     (no shield)
rPois  .         Gourm    .     (no helmet)
rElec  .         Spirit   .     (no cloak)
rCorr  .         Warding  .     l - +0 pair of gloves
rMut   .         Stasis   .     (no boots)
MR     .....                    (no amulet)
Stlth  +.........               (no ring)
                                (no ring)

@: shrouded, drained, not resistant to hostile enchantments, very unstealthy
A: no striking features
a: no special abilities


You were on level 3 of the Dungeon.
You were hungry.

You visited 1 branch of the dungeon, and saw 3 of its levels.

You collected 112 gold pieces.

Inventory:

Hand weapons
 a - a +0 falchion (weapon)
Missiles
 b - 4 tomahawks
 e - 5 tomahawks of dispersal (quivered)
Armour
 l - a +0 pair of gloves (worn)
 o - a cursed +0 leather armour (worn)
Scrolls
 d - a scroll of blinking
Potions
 g - 2 potions of curing
 h - a potion of magic {unknown}
 j - a potion of cancellation {unknown}
 k - 2 potions of heal wounds {unknown}
Books
 c - a book of Spatial Translocations

   Spells                             Type                      Level
   a - Apportation                    Translocation                1
   b - Blink                          Translocation                2
   c - Shroud of Golubria             Charms/Translocation         2
   d - Portal Projectile              Translocation                3
   e - Teleport Other                 Translocation                3
   f - Passage of Golubria            Translocation                4
Comestibles
 f - a bread ration
 i - 2 meat rations
 m - a chunk of flesh


   Skills:
 - Level 2.0(1.5) Fighting
 * Level 4.6(4.1) Long Blades
 - Level 1.1(0.6) Throwing
 - Level 0.8(0.3) Armour
 * Level 4.1(3.6) Dodging
 - Level 2.4(1.9) Spellcasting
 - Level 3.2(2.7) Translocations


You had 2 spell levels left.
You knew the following spells:

 Your Spells              Type           Power        Failure   Level  Hunger
a - Apportation           Tloc           ##........   10%         1    #......
b - Blink                 Tloc           N/A          14%         2    ###....
c - Shroud of Golubria    Chrm/Tloc      #.........   24%         2    ###....


Dungeon Overview and Level Annotations

Branches:
Dungeon (3/15)

Altars:
The Shining One


Message History

The kobold zaps a wand.
The magic dart hits you!
You hit the bat.
The bat is heavily wounded.
The bat hits you. The bat barely misses you.
The kobold zaps a wand.
The magic dart hits you! The bat misses you.
Casting: Shroud of Golubria
Confirm with . or Enter, or press ? or * to list all spells.
Space distorts slightly along a thin shroud covering your body.
The bat closely misses you.
Your shroud bends the bat's attack away.
The bat barely misses you. The bat barely misses you.
The kobold zaps a wand.
The magic dart hits you!
* * * LOW HITPOINT WARNING * * *
You are too injured to fight recklessly!
You are too injured to fight recklessly!
The bat hits you but does no damage.
You hit the kobold but do no damage. The bat hits you but does no damage.
The kobold zaps a wand.
The magic dart hits you!
You die...

### #. #.. #. #.#
. #. #.# ...
##.###.# $..#
##...#..####.....
#.....b......# .
#.......>.##.....
#.....@K(.........
##..)#.##.#.#####
#####.##.#.#
####.##.# #
#....##.#
#.#####.# #.# #.#
#.# #.# #[# .


You could see a bat and a kobold.

Vanquished Creatures
  Ijyb (D:3)
  A gnoll (D:1)
  3 adders
  2 worms (D:2)
  4 giant geckos
  An orc (D:3)
  A ball python (D:1)
  6 giant cockroaches
  9 hobgoblins
  6 bats (D:1)
  A giant newt (D:1)
  9 goblins
  A jackal (D:1)
  7 kobolds
  7 rats
59 creatures vanquished.

Vanquished Creatures (others)
  Jessica (D:3)
1 creature vanquished.

Grand Total: 60 creatures vanquished

Notes
Turn   | Place    | Note
--------------------------------------------------------------
     0 | D:1      | MrRokkomies, the High Elf Warper, began the quest for the Orb.
     0 | D:1      | Reached XP level 1. HP: 14/14 MP: 4/4
    70 | D:1      | Reached XP level 2. HP: 12/19 MP: 6/6
   178 | D:1      | Learned a level 2 spell: Blink
   181 | D:1      | Learned a level 2 spell: Shroud of Golubria
   493 | D:1      | Reached XP level 3. HP: 7/24 MP: 5/8
  1252 | D:2      | Reached skill level 4 in Long Blades
  1455 | D:2      | Reached XP level 4. HP: 13/29 MP: 8/11
  1934 | D:2      | Found a glowing golden altar of the Shining One.
  2221 | D:3      | Noticed Jessica
  2226 | D:3      | Noticed Ijyb
  2244 | D:3      | Killed Jessica
  2326 | D:3      | Killed Ijyb
  2461 | D:3      | Killed from afar by a kobold

Action                   |  1- 3 |  4- 6 || total
-------------------------+-------+-------++-------
Melee: Falchion          |   138 |   102 ||   240
 Cast: Shroud of Golubri |     8 |     8 ||    16
  Use: Scroll            |     2 |     2 ||     4
  Eat: Chunk             |     2 |     4 ||     6
